 Dungeon Crawl Stone Soup version 0.26.1-11-gd32895ea62 (webtiles) character file.

Game seed: 11420275202352809681

59 Zeld the Cudgeller (level 3, 4/30 HPs)
             Began as a Draconian Gladiator on June 12, 2021.
             Quit the game on level 2 of the Dungeon.
             The game lasted 00:02:35 (1563 turns).

Zeld the Cudgeller (Draconian Gladiator)            Turns: 1563, Time: 00:02:36

Health: 4/30       AC:  6    Str: 17    XL:     3   Next: 78%
Magic:  3/3        EV: 13    Int:  8    God:
Gold:   52         SH:  0    Dex: 12    Spells: 2/2 levels left

rFire    . . .     SeeInvis .   a - +0 flail
rCold    . . .     Faith    .   (no shield)
rNeg     . . .     Spirit   .   (armour unavailable)
rPois    .         Reflect  .   b - +0 hat
rElec    .         Harm     .   (no cloak)
rCorr    .         Rampage  .   (no gloves)
Will     .....                  m - +0 pair of boots
Stlth    +.........             (no amulet)
HPRegen  0.10/turn              (no ring)
MPRegen  0.08/turn              (no ring)

@: lethally poisoned (4 -> -16)
A: unfitting armour, cold-blooded, AC +5
a: no special abilities


You were on level 2 of the Dungeon.
You visited 1 branch of the dungeon, and saw 2 of its levels.

You collected 52 gold pieces.

Inventory:

Hand Weapons
 a - a +0 flail (weapon)
Missiles
 c - 3 throwing nets
 h - 79 stones (quivered)
 i - 2 curare-tipped darts
Armour
 b - a +0 hat (worn)
 m - a +0 pair of boots (worn)
Jewellery
 n - an uncursed ring of willpower {unknown}
Scrolls
 d - a scroll of enchant armour {unknown}
 e - a scroll of noise {unknown}
 f - 2 scrolls of remove curse {unknown}
 g - a scroll of random uselessness {unknown}
 l - a scroll of amnesia {unknown}
Potions
 j - 2 potions of heal wounds {unknown}
 k - 2 potions of degeneration {unknown}
 o - a potion of flight {unknown}


   Skills:
 + Level 2.7 Fighting
 * Level 3.7 Maces & Flails
 * Level 2.6 Throwing
 + Level 3.0 Dodging


You had 2 spell levels left.
You didn't know any spells.
Your spell library was empty.

Dungeon Overview and Level Annotations

Branches:
Dungeon (2/15)

Altars:
Uskayaw

Annotations:
D:2 Robin


Innate Abilities, Weirdness & Mutations

Your plain brown scales are hard. (AC +5)
You cannot fit into any form of body armour.
You are cold-blooded and may be slowed by cold attacks.


Message History

* * * LOW HITPOINT WARNING * * *
You are lethally poisoned!
You hit the goblin but do no damage.
The goblin is severely wounded.
* * * LOW HITPOINT WARNING * * *
You feel sick. The goblin barely misses you. Robin hits you but does no damage.
You are more poisoned.
The goblin misses you.
Robin hits you with a +3 dagger of venom.
* * * LOW HITPOINT WARNING * * *
Press: ? - help, v - describe, . - travel
Here: Robin, wielding a +3 dagger of venom, wearing a +0 animal skin and wearing a +0 helmet The floor.
You hit Robin.
Robin is lightly wounded.
* * * LOW HITPOINT WARNING * * *
You feel sick. The goblin misses you. Robin barely misses you.
Unknown command.
Unknown command.
Are you sure you want to abandon this character and quit the game? (Confirm with "yes".)

#######...## #g#
#....###'## #.# . #
#.##)# #.# #.#>.
###.###.##.# #.# ####....
#.......##.###.###.g.....
###......#.##<..##.####..
####.....#.....#g# #.
#.#g####...##.# . #.#@#
##.###.# ##.
..#g#########>#.....
####....g.g......#
###########.### #...
#####


You could see Robin and a goblin (strong).

Vanquished Creatures
  An ooze (D:1)
  3 dart slugs (D:1)
  A giant cockroach (D:1)
  14 goblins
  6 hobgoblins
  A ball python (D:1)
  A bat (D:1)
  8 kobolds (D:1)
  12 rats
47 creatures vanquished.

Notes
Turn   | Place    | Note
-------+----------+-------------------------------------------
     0 | D:1      | Zeld the Draconian Gladiator began the quest for the Orb.
     0 | D:1      | Reached XP level 1. HP: 17/17 MP: 1/1
   345 | D:1      | Reached XP level 2. HP: 9/24 MP: 2/2
   670 | D:1      | Reached XP level 3. HP: 21/30 MP: 3/3
  1393 | D:2      | Found a hide-covered altar of Uskayaw.
  1446 | D:2      | Noticed Robin
  1563 | D:2      | Quit the game

Illustrated notes

Levels and vault maps discovered:
D:1:      dpeg_arrival_arbitrary_b, layout_basic, minmay_misc_feat_doors,
          minmay_heptomino_l4
D:2:      layout_loops_corners, eat_drink_and_be_merry_uskayaw, serial_rivers,
          chequers_serial_rivers_room_b, chequers_serial_rivers_room_b,
          chequers_serial_rivers_micro_c, chequers_serial_rivers_micro_d,
          chequers_serial_rivers_room_b, uniq_natasha, uniq_crazy_yiuf_cottage,
          uniq_robin

Skill      XL: |  1  2  3 |
---------------+----------+-----
Throwing       | 2 |  2.6
Dodging        | 3 |  3.0
Fighting       | |  2.7
Maces & Flails | |  3.7

Action                   || total
-------------------------++-------
Melee: Flail             ||   124
       Tailslap          ||    13
Throw: Stone             ||    17
Armor: Skin              ||    36
Dodge: Dodged            ||   104
